 Dungeon Crawl Stone Soup version 0.24-b1-1-gac51ba0 (console) character file.

Game seed: 16525863356174470410, levelgen mode: deterministic

12928 FoCheiMinh the Cleaver (level 12, -21/89 HPs)
             Began as a Formicid Fighter on Oct 13, 2019.
             Was a Priest of Cheibriados.
             Demolished by Rupert
             ... wielding a +2 triple sword of slicing
              (26 damage)
             ... on level 3 of the Lair of Beasts on Oct 14, 2019.
             The game lasted 00:56:32 (15040 turns).

FoCheiMinh the Cleaver (Formicid Fighter)          Turns: 15040, Time: 00:56:33

Health: -21/89     AC: 11    Str: 33    XL:     12   Next: 26%
Magic:  21/25      EV: 13    Int: 17    God:    Cheibriados [***...]
Gold:   857        SH: 15    Dex: 18    Spells: 11/11 levels left

rFire    . . .     SeeInvis +   a - +1 war axe
rCold    . . .     Gourm    .   i - +2 shield
rNeg     . . .     Faith    .   q - +3 scale mail {MR+}
rPois    .         Spirit   .   (helmet unavailable)
rElec    .         Reflect  .   e - scarf {repulsion}
rCorr    .         Harm     .   (no gloves)
MR       ++...                  f - +0 pair of boots
Stlth    +.........             (no amulet)
HPRegen  0.24/turn              V - ring of magical power
MPRegen  0.19/turn              I - ring of stealth

@: repel missiles, very slow
A: permanent stasis, dig shafts and tunnels, four strong arms, antennae 3
a: Dig, Shaft Self, Bend Time, Temporal Distortion, Renounce Religion


You were on level 3 of the Lair of Beasts.
You worshipped Cheibriados.
Cheibriados was most pleased with you.
You were hungry.

You visited 2 branches of the dungeon, and saw 13 of its levels.
You also visited: Sewer.

You collected 857 gold pieces.

Inventory:

Hand Weapons
 a - a +1 war axe (weapon)
 b - a +2 trident of freezing
 n - a +0 whip of electrocution
 N - a cursed -1 trident
 U - the +3 dagger "Zuwayd" {pierce, rElec Str+6 Dex-4, unknown}
   (You found it on level 10 of the Dungeon)

   It inflicts extra damage upon your enemies.
   It affects your strength (+6).
   It affects your dexterity (-4).
   It insulates you from electricity.
Missiles
 h - 47 poisoned darts
 p - 168 arrows
 t - 466 stones
 y - 61 sling bullets
 D - a boomerang
 H - 101 bolts
 Q - 5 javelins (quivered)
Armour
 d - a +3 leather armour of cold resistance
 e - a scarf of repulsion (worn)
 f - a +0 pair of boots (worn)
 i - a +2 shield (worn)
 q - a +3 scale mail of magic resistance (worn)
Jewellery
 A - an uncursed ring of flight
 I - a ring of stealth (right hand)
 K - an uncursed ring of positive energy
 L - a +3 ring of intelligence
 V - a ring of magical power (left hand)
Wands
 l - a wand of iceblast (6)
 P - a wand of polymorph (3)
Scrolls
 c - 15 scrolls of remove curse {unknown}
 j - 3 scrolls of amnesia
 m - 2 scrolls of magic mapping
 o - 3 scrolls of enchant weapon
 r - 16 scrolls of identify
 s - 5 scrolls of enchant armour {unknown}
 u - a scroll of noise
 v - 9 scrolls of teleportation {unknown}
 F - 6 scrolls of fear {unknown}
Potions
 k - 2 potions of heal wounds
 w - 3 potions of resistance
 x - 2 potions of flight
 z - 4 potions of curing
 B - a potion of cancellation
 C - a potion of lignification
 E - 4 potions of brilliance
 G - 3 potions of agility
 M - 2 potions of might
 O - 5 potions of magic
Miscellaneous
 g - a fan of gales
Comestibles
 J - 5 chunks of flesh
 S - 15 rations


   Skills:
 * Level 6.8 Fighting
 * Level 13.0 Axes
 * Level 5.9 Throwing
 * Level 6.2 Armour
 * Level 4.6 Dodging
 * Level 8.6 Shields
 * Level 5.7 Invocations


You had 11 spell levels left.
You didn't know any spells.
Your spell library contained the following spells:

 Spells                   Type           Power        Failure   Level  Hunger
 Confusing Touch          Hex            #.....       43%         1    ##.....
 Magic Dart               Conj           #...         43%         1    ##.....
 Sandblast                Erth           #.....       43%         1    ##.....
 Call Imp                 Summ           #.......     56%         2    ###....
 Passwall                 Tmut/Erth      #.......     56%         2    ###....
 Slow                     Hex            #.......     56%         2    ###....
 Confuse                  Hex            #.......     80%         3    ####...
 Conjure Flame            Conj/Fire      #.......     80%         3    ####...
 Gell's Gravitas          Tloc           #.........   80%         3    ####...
 Mephitic Cloud           Conj/Pois/Air  #.......     80%         3    ####...
 Stone Arrow              Conj/Erth      #.....       80%         3    ####...
 Cause Fear               Hex            #.........   99%         4    #####..
 Petrify                  Tmut/Erth      #.......     99%         4    #####..
 Lee's Rapid Deconstruct  Erth           #.........   100%        5    ######.
 Metabolic Englaciation   Hex/Ice        #.........   100%        5    ######.
 Silence                  Hex/Air        #.........   100%        5    ######.
 Yara's Violent Unravell  Hex/Tmut       #.........   100%        5    ######.
 Deflect Missiles         Chrm/Air       #.........   100%        6    #######
 Discord                  Hex            #.........   100%        8    #######
 Blink                    Tloc           Unusable     N/A         2    N/A

Dungeon Overview and Level Annotations

Branches:
Dungeon (10/15)            Temple (0/1) D:5            Lair (3/6) D:10
  Sewer (visited)
  Swamp: Lair:2-4    Shoals: Lair:2-4     Snake: Lair:2-4    Spider: Lair:2-4
    Orc: D:9-12

Altars:
Cheibriados
Dithmenos
Fedhas
Hepliaklqana
Kikubaaqudgha
Makhleb
Nemelex Xobeh
Okawaru
Qazlal
Sif Muna
Trog
Uskayaw
Xom
Yredelemnul

Annotations:
Lair:1 1 runed translucent door, BeowulfAlex's ghost, journeyman FoEE
Lair:3 Rupert


Innate Abilities, Weirdness & Mutations

You cannot be hasted, slowed, berserked, paralysed or teleported.
You can dig through walls and to a lower floor.
Your four strong arms can wield two-handed weapons with a shield.
You have a pair of large antennae on your head. (SInv)


Message History

Rupert is severely wounded.
Rupert hits you with a +2 triple sword of slicing.
* * * LOW HITPOINT WARNING * * *
x2 You slice Rupert!!
Rupert is severely wounded.
Rupert closely misses you.
You hit Rupert.
Rupert is almost dead.
You block Rupert's attack.
You closely miss Rupert.
Rupert is almost dead.
Rupert hits you with a +2 triple sword of slicing!
* * * LOW HITPOINT WARNING * * *
x2 You slash Rupert!
Rupert is almost dead.
Rupert barely misses you.
You barely miss Rupert.
Rupert is almost dead.
Rupert hits you with a +2 triple sword of slicing!!
You die...

....##### ##...##
....# #PP... ....#
#P...# ....## P...#
.....# ....# .....#
#...# >...## #...#
....P###### ###@..#
.......##.####.†@..##{
....................#
..................###
.........#.#.P.#..#
.........##.###..>#
..##....##### #..#
.####...# .(.# .#
#....# ...#


You could see Rupert (berserk).

Vanquished Creatures
  3 two-headed ogres
  An oklob plant (D:10)
  A cyclops (D:9)
  10 spiny frogs
  A komodo dragon (Lair:2)
  Grinder (D:3)
  2 hippogriffs
  A spriggan (D:9)
  A basilisk (Lair:1)
  6 yaks
  A steam dragon (D:9)
  A water moccasin (D:8)
  2 insubstantial wisps (D:9)
  Duvessa (D:5)
  8 porcupines
  An orc warrior (D:8)
  An ice beast (D:10)
  A phantom (D:6)
  5 sky beasts
  5 ogres
  3 centaurs
  4 crocodiles
  5 bullfrogs
  A gnoll sergeant (D:5)
  Dowan (D:5)
  2 scorpions
  A killer bee (Lair:3)
  4 wights
  6 howler monkeys
  5 crimson imps
  A centaur zombie (D:5)
  5 hounds
  A quasit (D:8)
  3 bullfrog zombies
  2 jellies
  2 orc priests
  Ijyb (D:3)
  3 iguanas
  8 worker ants
  6 orc wizards
  Terence (D:2)
  A mummy (D:5)
  2 worker ant zombies (D:7)
  14 adders
  5 gnolls (D:5)
  3 shadow imps
  2 oozes
  An adder skeleton (D:9)
  3 worms (D:3)
  2 dart slugs (D:1)
  7 leopard geckos
  21 orcs
  3 bats
  4 giant cockroaches
  9 hobgoblins
  2 jackals (D:5)
  5 quokkas
  5 ball pythons
  13 frilled lizards
  6 goblins
  A jackal skeleton (D:5)
  A jackal zombie (D:8)
  13 kobolds
  A quokka zombie (D:6)
  15 rats
  8 plants (D:10)
265 creatures vanquished.

Vanquished Creatures (others)
  2 plants
2 creatures vanquished.

Grand Total: 267 creatures vanquished

Notes
Turn   | Place    | Note
-------+----------+-------------------------------------------
     0 | D:1      | FoCheiMinh the Formicid Fighter began the quest for the
                  | Orb.
     0 | D:1      | Reached XP level 1. HP: 18/18 MP: 1/1
   115 | D:1      | Reached XP level 2. HP: 24/24 MP: 2/2
   515 | D:1      | Reached skill level 3 in Axes
   686 | D:1      | Reached XP level 3. HP: 29/29 MP: 3/3
  1064 | D:2      | Reached skill level 4 in Axes
  1064 | D:2      | Reached XP level 4. HP: 28/35 MP: 4/4
  1399 | D:2      | Noticed Terence
  1401 | D:2      | Killed Terence
  1919 | D:3      | Reached XP level 5. HP: 39/41 MP: 5/5
  1935 | D:3      | Reached skill level 5 in Axes
  2058 | D:3      | Noticed Grinder
  2074 | D:3      | Killed Grinder
  2074 | D:3      | Reached skill level 6 in Axes
  2074 | D:3      | Reached XP level 6. HP: 18/47 MP: 6/6
  2551 | D:3      | Noticed Ijyb
  2599 | D:3      | Killed Ijyb
  2786 | D:3      | Found a bloodstained altar of Trog.
  2828 | D:3      | Reached XP level 7. HP: 50/52 MP: 7/7
  2829 | D:3      | Reached skill level 7 in Axes
  3467 | D:4      | HP: 1/52 [ogre/+0 giant spiked club (21)]
  4036 | D:4      | Found an iron altar of Okawaru.
  4075 | D:4      | Reached skill level 8 in Axes
  4479 | D:5      | Entered Level 5 of the Dungeon
  4491 | D:5      | Reached XP level 8. HP: 31/58 MP: 8/8
  4604 | D:5      | Found a stormy altar of Qazlal.
  4740 | D:5      | Found a sparkling altar of Nemelex Xobeh.
  4758 | D:5      | Reached skill level 9 in Axes
  4825 | D:5      | Found a glowing drain.
  4977 | Sewer    | Entered a sewer
  5575 | D:5      | Found a snail-covered altar of Cheibriados.
  5581 | D:5      | Became a worshipper of Cheibriados the Contemplative
  5704 | D:5      | Found a shimmering altar of Xom.
  5705 | D:5      | Found a burning altar of Makhleb.
  5718 | D:5      | Found a staircase to the Ecumenical Temple.
  5864 | D:5      | Noticed Dowan
  5864 | D:5      | Noticed Duvessa
  5876 | D:5      | Killed Duvessa
  5876 | D:5      | Reached skill level 10 in Axes
  5882 | D:5      | Killed Dowan
  6344 | D:6      | Found a shimmering blue altar of Sif Muna.
  6444 | D:6      | Reached XP level 9. HP: 64/64 MP: 9/9
  6665 | D:6      | Reached skill level 11 in Axes
  6875 | D:6      | Reached * piety under Cheibriados
  7078 | D:6      | Found a bloodstained altar of Trog.
  7745 | D:7      | Found a blossoming altar of Fedhas.
  7831 | D:7      | Found a shadowy altar of Dithmenos.
  7860 | D:7      | Reached skill level 1 in Invocations
  8418 | D:8      | Reached skill level 1 in Dodging
  8522 | D:8      | Reached ** piety under Cheibriados
  8793 | D:8      | Noticed a hippogriff
  8818 | D:8      | Killed a hippogriff
  8818 | D:8      | Reached skill level 5 in Shields
  8818 | D:8      | Reached XP level 10. HP: 37/73 MP: 11/11
  9139 | D:8      | Reached skill level 12 in Axes
  9240 | D:8      | Reached *** piety under Cheibriados
  9504 | D:8      | Found a basalt altar of Yredelemnul.
  9661 | D:9      | Found a snail-covered altar of Cheibriados.
  9822 | D:9      | Reached skill level 5 in Fighting
  9822 | D:9      | Reached skill level 1 in Throwing
  9901 | D:9      | Noticed a cyclops
  9954 | D:9      | Found an ancient bone altar of Kikubaaqudgha.
  9987 | D:9      | Found a hazy altar of Hepliaklqana.
 10060 | D:9      | Found a hide-covered altar of Uskayaw.
 10213 | D:9      | Noticed a two-headed ogre
 10226 | D:9      | Killed a two-headed ogre
 10487 | D:9      | Killed a cyclops
 10735 | D:9      | Reached skill level 5 in Armour
 10744 | D:9      | Noticed a two-headed ogre
 10757 | D:9      | Killed a two-headed ogre
 10757 | D:9      | Reached XP level 11. HP: 13/81 MP: 12/14
 11207 | D:10     | Entered Level 10 of the Dungeon
 11368 | D:10     | Got a brightly glowing dagger
 11429 | D:10     | Noticed an oklob plant
 11464 | D:10     | Noticed a two-headed ogre
 11482 | D:10     | Killed a two-headed ogre
 11656 | D:10     | Found a snail-covered altar of Cheibriados.
 11942 | D:10     | Reached **** piety under Cheibriados
 12199 | D:10     | Found a staircase to the Lair.
 12234 | D:10     | Killed an oklob plant
 12282 | Lair:1   | Entered Level 1 of the Lair of Beasts
 12764 | Lair:1   | Reached skill level 5 in Invocations
 12825 | Lair:1   | Found a runed translucent door.
 12826 | Lair:1   | Noticed BeowulfAlex's ghost (journeyman FoEE)
 12827 | Lair:1   | Found the ring of Shadows {Umbra +Inv Stlth+}
 12870 | Lair:1   | Reached skill level 5 in Throwing
 13800 | Lair:2   | Reached XP level 12. HP: 89/89 MP: 16/16
 14260 | Lair:2   | Reached skill level 13 in Axes
 15014 | Lair:3   | Noticed Rupert
 15040 | Lair:3   | Demolished by Rupert

Skill      XL: |  1  2  3  4  5  6  7  8  9 10 11 12 |
---------------+-------------------------------------+-----
Axes           | 3 4 6 8 10 11 12 13 | 13.0
Invocations    | 2 4 5 |  5.7
Shields        | 5 7 8 |  8.6
Dodging        | 1 3 4 |  4.6
Fighting       | 4 5 6 |  6.8
Armour         | 4 5 6 |  6.2
Throwing       | 2 5 |  5.9

Action                   |  1- 3 |  4- 6 |  7- 9 | 10-12 || total
-------------------------+-------+-------+-------+-------++-------
Melee: War axe           |   103 |   175 |   296 |   331 ||   905
       Trident           |       |       |   127 |    88 ||   215
Throw: Dart              |     1 |       |     9 |       ||    10
       Boomerang         |       |       |     3 |   117 ||   120
       Javelin           |       |       |       |     3 ||     3
Invok: Bend Time         |       |       |       |     2 ||     2
       Slouch            |       |       |       |     2 ||     2
 Abil: Dig               |       |     1 |     4 |     5 ||    10
  Use: Potion            |       |     1 |       |     2 ||     3
       Scroll            |       |       |     7 |     8 ||    15
 Stab: Sleeping          |       |       |     7 |     3 ||    10
  Eat: Chunk             |     1 |     6 |    14 |    10 ||    31
       Ration            |       |       |     1 |       ||     1
Armor: Scale mail        |    53 |    67 |       |     1 ||   121
       Leather armour    |       |     2 |    95 |    28 ||   125
Dodge: Dodged            |    26 |    47 |   100 |    94 ||   267
       Deflected         |       |       |       |     1 ||     1
Block: Shield            |    51 |    74 |   182 |   195 ||   502
